AoeStats
← BlossomForce

Oasis

510260372Analyzed
3v3 RM · 3d ago on Sep 30, 2026· 37m 9s· 6 players
Game mode
Random Map
Map size
Normal (6 player)
Population
200
Speed
Normal
Resources
Standard
Victory
Conquest
Starting age
Dark Age
Ending age
Imperial Age
RankedLock teamsTeams togetherTeam positionsShared explorationLock speedFull tech treeHidden civsTurbo modeCheats
Victory
Defeat
🇹🇼 Poles · Taiwan
1456
+13
🇹🇼 Maya · Taiwan
1442
+14
🇹🇼 Magyars · Taiwan
1411
+15
🇨🇦 Koreans · Canada
1483
-17
🇺🇸 Malay · United States
1371
-13
🇺🇸 Khmer · United States
1332
-12
TwBestShaco
2:29 Loom
10:10 Feudal Age
10:58 Double-Bit Axe
10:54 Horse Collar
15:08 Gold Mining
16:07 Wheelbarrow
21:37 Castle Age
19:47 Scale Barding Armor
20:45 Bloodlines
25:12 Hand Cart
25:48 Husbandry
26:38 Bow Saw
28:33 Chain Barding Armor
31:14 Town Watch
35:10 Imperial Age
35:29 Cavalier
36:54 Plate Barding Armor
37:06 Gold Shaft Mining
b09581270
0:27 Loom
9:40 Feudal Age
14:47 Double-Bit Axe
18:15 Fletching
18:19 Horse Collar
27:24 Castle Age
25:54 Padded Archer Armor
25:56 Gold Mining
27:33 Crossbowman
28:10 Bodkin Arrow
28:55 Wheelbarrow
28:38 Bow Saw
29:16 Leather Archer Armor
29:45 Ballistics
36:03 Hand Cart
36:55 Town Watch
39:47 Imperial Age
elmor
6:06 Loom
10:40 Feudal Age
12:09 Double-Bit Axe
14:47 Fletching
16:55 Horse Collar
17:32 Padded Archer Armor
27:11 Castle Age
27:47 Bodkin Arrow
27:14 Elite Skirmisher
28:10 Gold Mining
28:22 Heavy Plow
32:43 Leather Archer Armor
33:01 Ballistics
38:13 Wheelbarrow
BlossomForce
3:01 Loom
13:09 Feudal Age
13:59 Double-Bit Axe
13:57 Horse Collar
22:11 Stone Mining
26:03 Fletching
28:28 Castle Age
27:44 Bloodlines
29:30 Scale Barding Armor
29:21 Bodkin Arrow
29:37 Forging
33:34 Wheelbarrow
32:45 Town Watch
34:06 Iron Casting
33:59 Husbandry
35:08 Town Patrol
AlohaInMyHeartForAOE2
7:48 Loom
10:05 Feudal Age
10:29 Man-at-Arms
12:29 Arson
22:56 Castle Age
21:54 Fletching
27:48 Long Swordsman
29:54 Pikeman
30:54 Bodkin Arrow
32:42 Ballistics
34:11 Wheelbarrow
34:29 Double-Bit Axe
35:17 Guard Tower
36:06 Murder Holes
nap ydnar
3:59 Loom
9:15 Feudal Age
9:28 Man-at-Arms
12:07 Town Watch
13:11 Fletching
16:51 Double-Bit Axe
24:07 Castle Age
22:40 Gold Mining
22:45 Horse Collar
24:08 Crossbowman
25:16 Bodkin Arrow
Connection lost

Rejoining the realm…

Still unreachable

The connection could not be restored.

Session expired

The server has moved on; the page needs a fresh start.